 Dungeon Crawl Stone Soup version 0.24.0-13-gcf9b319 (webtiles) character file.

Game seed: 12115299949164031843, levelgen mode: deterministic

125 Fang the Skirmisher (level 5, -8/33 HPs)
             Began as a Gargoyle Fighter on Dec 17, 2019.
             Killed by divine providence
             ... invoked by an orc priest
              (12 damage)
             ... on level 3 of the Dungeon.
             The game lasted 00:03:01 (1326 turns).

Fang the Skirmisher (Gargoyle Fighter)              Turns: 1326, Time: 00:03:01

Health: -8/33      AC: 11    Str: 20    XL:     5   Next: 9%
Magic:  5/5        EV:  7    Int:  9    God:
Gold:   40         SH:  9    Dex:  9    Spells: 4/4 levels left

rFire    . . .     SeeInvis .   a - +0 war axe
rCold    . . .     Gourm    .   c - +0 shield
rNeg     + . .     Faith    .   b - +0 scale mail
rPois    ∞         Spirit   .   (no helmet)
rElec    +         Reflect  .   (no cloak)
rCorr    .         Harm     .   (no gloves)
MR       .....                  (no boots)
Stlth    ..........             (no amulet)
HPRegen  0.11/turn              (no ring)
MPRegen  0.09/turn              (no ring)

@: no status effects
A: negative energy resistance 1, electricity resistance, unbreathing,
petrification resistance, rot immunity, AC +4
a: no special abilities


You were on level 3 of the Dungeon.
You were hungry.

You visited 1 branch of the dungeon, and saw 3 of its levels.

You collected 40 gold pieces.

Inventory:

Hand Weapons
 a - a +0 war axe (weapon)
Armour
 b - a +0 scale mail (worn)
 c - a +0 shield (worn)
Scrolls
 g - a scroll of immolation {unknown}
 h - a scroll of amnesia {unknown}
 j - 2 scrolls of identify {unknown}
 k - a scroll of fog {unknown}
 m - a scroll of teleportation {unknown}
 n - a scroll of random uselessness {unknown}
 o - a scroll of noise {unknown}
 p - a scroll of enchant armour {unknown}
 q - a scroll of magic mapping {unknown}
Potions
 d - a potion of might
 e - 3 potions of curing {unknown}
 l - a potion of berserk rage {unknown}
 r - a potion of lignification {unknown}
Comestibles
 f - 2 rations


   Skills:
 + Level 4.2 Fighting
 + Level 2.7 Axes
 + Level 4.1 Armour
 + Level 4.1 Shields


You had 4 spell levels left.
You didn't know any spells.
Your spell library was empty.

Dungeon Overview and Level Annotations

Branches:
Dungeon (3/15)

Altars:


Innate Abilities, Weirdness & Mutations

You are resistant to torment.
Your stone body is resilient. (AC +4)
You are immune to poison.
You resist negative energy. (rN+)
You are resistant to electric shocks. (rElec)
You can survive without breathing.
You are immune to petrification.
You are immune to rotting.


Message History

The orc priest completely misses you.
You hear a shout!
You are too injured to fight recklessly!
You are too injured to fight recklessly!
You are too injured to fight recklessly!
You are too injured to fight recklessly!
You are too injured to fight recklessly!
You are too injured to fight recklessly!
You are too injured to fight recklessly!
You are too injured to fight recklessly!
The orc priest invokes the aid of Beogh against you.
Pain shoots through your body!
* * * LOW HITPOINT WARNING * * *
There is a stone staircase leading up here.
You closely miss the orc priest.
The orc priest miscasts a cantrip.
Your scale mail prevents you from hitting the orc priest.
The orc priest mumbles some strange prayers to Beogh against you.
Beogh smites you!
You die...

## ########### #.
....[.†$@.#
#.####.....o.........#
#......#####.#######.#
#..### #.# #......
#..#########o####.##...
#<.#...........##.##.##
##
#..<.######...........
.. #.##.###
#.$###..##.# .#
#......#
#..###..##<#..#


You could see an orc priest and an orc.

Vanquished Creatures
  Jessica (D:2)
  A worker ant (D:2)
  3 adders
  2 leopard geckos
  An orc (D:3)
  A ball python (D:2)
  3 giant cockroaches
  6 goblins
  4 hobgoblins
  6 jackals
  2 kobolds
  A bat (D:2)
  4 frilled lizards
  8 rats
43 creatures vanquished.

Notes
Turn   | Place    | Note
-------+----------+-------------------------------------------
     0 | D:1      | Fang the Gargoyle Fighter began the quest for the Orb.
     0 | D:1      | Reached XP level 1. HP: 14/14 MP: 1/1
   187 | D:1      | Reached XP level 2. HP: 19/19 MP: 2/2
   467 | D:2      | Reached XP level 3. HP: 21/23 MP: 3/3
   635 | D:2      | Reached XP level 4. HP: 26/29 MP: 4/4
   796 | D:2      | Noticed Jessica
   799 | D:2      | Killed Jessica
  1037 | D:3      | Reached XP level 5. HP: 28/33 MP: 5/5
  1326 | D:3      | Killed from afar by an orc priest

Levels and vault maps discovered:
D:1:      dpeg_arrival_triangle_fractal, layout_rooms
D:2:      layout_basic, uniq_jessica
D:3:      layout_loops_ring, serial_undead, serial_undead_e, serial_undead_c,
          serial_undead_c, serial_undead_d, serial_undead_b, serial_undead_b,
          uniq_grinder

Skill      XL: |  1  2  3  4 |
---------------+-------------+-----
Axes           | 2 |  2.7
Fighting       | 4 |  4.2
Armour         | 4 |  4.1
Shields        | 4 |  4.1

Action                   |  1- 3 |  4- 6 || total
-------------------------+-------+-------++-------
Melee: War axe           |    81 |    64 ||   145
  Eat: Chunk             |       |     1 ||     1
Armor: Scale mail        |    47 |    33 ||    80
Dodge: Dodged            |    21 |    21 ||    42
Block: Shield            |    57 |    45 ||   102
